cohdb
Replays
Latest Replays
All Replays
Popular Replays
Top Player Replays
Match Explorer
How It Works
Community
CoH3 Stats
Reddit
Sign in to upload your games and track your stats! →
Sign in with Steam
Match 41333485
Unlisted
Match 41333485
Overview
Messages
Build Orders
End
Vickers Machine Gun Team
Construct Section Command Post
Infantry Section
Infantry Section
Construct Platoon Command Post
Royal Engineer Section
Humber Armored Car
6-pounder Anti-tank Gun Team
CMP 15cwt Truck
Selects Heavy Armor Battlegroup
Selects Light Vehicle Withdraw and Refit
Selects UNKNOWN (202330)
Vickers Machine Gun Team
Construct Company Command Post
Selects Recon Artillery
Infantry Section
Selects Rigorous Vehicle Training
Recon Artillery
Matilda II Heavy Tank
Royal Engineer Section
Selects Forward Repair Assembly
Foot Guards Section
Matilda II Heavy Tank
6-pounder Anti-tank Gun Team
Unlock M3 Grant Medium Tanks
Recon Artillery
Reshala
ShiftyParadigm
Dodo
Blaze Rembrandt
insane
Ori
Buffallobang
Bro, I am in trouble, too.
0
0
Comments
sign in to comment!
No comments posted yet!